 Dungeon Crawl Stone Soup version 0.20-a0-739-g6bb112f (webtiles) character file.

193360 krabocopter the Warrior (level 18, -6/168 HPs)
             Began as a Hill Orc Fighter on Feb 23, 2017.
             Was the Champion of Qazlal.
             Succumbed to a ghost moth's poison
             ... on level 2 of the Spider Nest on Feb 24, 2017.
             The game lasted 01:54:53 (28914 turns).

krabocopter the Warrior (Hill Orc Fighter)         Turns: 28914, Time: 01:54:53

Health: -6/168     AC: 20    Str: 24 (25) XL:     18   Next: 26%
Magic:  0/26       EV: 12    Int: 10 (11) God:    Qazlal [******]
Gold:   2102       SH:  0    Dex: 26 (27) Spells: 15/17 levels left

rFire    + . .     SeeInvis .   O - +7 war axe (freeze)
rCold    + . .     Gourm    .   D - +2 ring mail "Nutruxt" {*Slow rN+ Str+4 Dex+7}
rNeg     + . .     Faith    .   w - +2 shield {rF+}
rPois    .         Spirit   .   (no helmet)
rElec    .         Reflect  +   r - scarf {rC+}
rCorr    .         Harm     .   p - +2 pair of gloves
MR       +....                  v - +0 pair of boots
Stlth    +.........             o - +3 amulet of reflection
Regen    0.4/turn               e - +5 ring of dexterity
MPRegen  0.2/turn               q - +3 ring of slaying

@: lethally poisoned (-6 -> -152), protected from physical damage, held, hasted
and slowed, repel missiles
A: large bone plates 1, slimy green scales 1, clever 1, deterioration 1
}: 1/15 runes: decaying
a: Upheaval, Elemental Force, Disaster Area, Renounce Religion


You were on level 2 of the Spider Nest.
You worshipped Qazlal.
Qazlal was exalted by your worship.
You were not hungry.

You visited 6 branches of the dungeon, and saw 30 of its levels.
You also visited: Bailey.

You collected 2643 gold pieces.
You spent 541 gold pieces at shops.

Inventory:

Hand Weapons
 O - a +7 war axe of freezing (weapon)
 W - a +4 scimitar of flaming
Armour
 p - a +2 pair of gloves (worn)
 r - a scarf of cold resistance (worn)
 v - a +0 pair of boots (worn)
 w - a +2 shield of fire resistance (worn)
 D - the +2 ring mail "Nutruxt" (worn) {*Slow rN+ Str+4 Dex+7}
   (You found it on level 1 of the Spider Nest)

   It affects your strength (+4).
   It affects your dexterity (+7).
   It protects you from negative energy.
   It may slow you when you take damage.
 V - +1 ice dragon scales
Jewellery
 e - a +5 ring of dexterity (right hand)
 n - an uncursed ring of protection from fire
 o - a +3 amulet of reflection (around neck)
 q - a +3 ring of slaying (left hand)
 Y - an uncursed ring of resist corrosion
Wands
 d - a wand of iceblast (9/15)
 z - a wand of paralysis (9/24)
 I - a wand of iceblast (8/15)
 J - a wand of acid (5/15)
 K - a wand of acid (5/15)
Scrolls
 a - 3 scrolls of magic mapping
 b - 2 scrolls of blinking
 h - 2 scrolls of silence
 i - a scroll of fog
 j - 2 scrolls of holy word
 s - 4 scrolls of amnesia
 x - 2 scrolls of identify
 G - 11 scrolls of remove curse
 H - 10 scrolls of teleportation
 L - 4 scrolls of enchant armour
 P - 2 scrolls of summoning
 S - 2 scrolls of recharging
 T - 4 scrolls of fear
Potions
 g - a potion of resistance
 k - 2 potions of magic
 m - 3 potions of lignification
 t - 3 potions of heal wounds
 u - 2 potions of flight
 A - 3 potions of haste
 B - 7 potions of curing
 C - 5 potions of agility
 M - a potion of cancellation
 R - 4 potions of invisibility
 U - 2 potions of might
Books
 y - Roxanne's Incunabulum of Clay
   (You took it off Roxanne on level 14 of the Dungeon)

   Spells                             Type                      Level
   a - Sandblast                      Earth                        1
   b - Passwall                       Transmutation/Earth          2
   c - Petrify                        Transmutation/Earth          4
   d - Iron Shot                      Conjuration/Earth            6
   e - Statue Form                    Transmutation/Earth          6
 X - a book of Spatial Translocations

   Spells                             Type                      Level
   a - Blink                          Translocation                2
   b - Shroud of Golubria             Charms/Translocation         2
   c - Lesser Beckoning               Translocation                3
   d - Gell's Gravitas                Translocation                3
   e - Teleport Other                 Translocation                3
   f - Passage of Golubria            Translocation                4
 Z - the Almanac of Arcane Weapons
   (You found it on level 6 of the Lair of Beasts)

   Spells                             Type                      Level
   a - Stone Arrow                    Conjuration/Earth            3
   b - Lightning Bolt                 Conjuration/Air              5
   c - Bolt of Cold                   Conjuration/Ice              6
   d - Conjure Ball Lightning         Conjuration/Air              6
Miscellaneous
 E - a lightning rod (4/4)
 N - a phial of floods
Comestibles
 c - 15 royal jellies
 f - 17 bread rations
 l - 15 meat rations
 Q - 12 fruits


   Skills:
 + Level 16.7 Fighting
 + Level 9.6 Long Blades
 - Level 16.1 Axes
 - Level 13.5 Armour
 - Level 11.7 Dodging
 - Level 15.8 Shields
 - Level 11.7 Invocations


You had 15 spell levels left.
You knew the following spells:

 Your Spells              Type           Power        Failure   Level  Hunger
a - Magic Dart            Conj           #...         54%         1    ##.....
b - Apportation           Tloc           #.....       54%         1    ##.....


Dungeon Overview and Level Annotations

Branches:
Dungeon (14/15)            Temple (1/1) D:5            Lair (6/6) D:9
  Swamp (4/4) Lair:2       Spider (3/4) Lair:4        Slime (0/5) Lair:6
    Orc (2/2) D:10            Elf (0/3) Orc:2        Vaults (0/5) D:14

Altars:
Ashenzari
Cheibriados
Dithmenos
Elyvilon
Fedhas
Gozag
Hepliaklqana
Kikubaaqudgha
Makhleb
Nemelex Xobeh
Okawaru
Qazlal
Ru
Sif Muna
Trog
Uskayaw
Vehumet
Wu Jian
Xom
Yredelemnul
Zin
The Shining One
Beogh
Jiyva

Shops:
D:7 [   D:11 %   D:13 (   D:14 %   Orc:2 :*%!%}(:!

Portals:
Trove: D:14 (give 7 potions of agility)

Annotations:
Lair:1 exclusion: 2 oklob plants
Lair:6 exclusion: ice statue


Innate Abilities, Weirdness & Mutations

You are partially covered in large bone plates. (SH +4)
You are partially covered in slimy green scales. (AC +2)
Your mind is acute. (Int +2)
Your body sometimes deteriorates upon taking damage.


Message History

The jumping spider closely misses you.
You feel you are being watched by something.
You feel your power leaking away.
Something hits you but does no damage. x2; Something stings you.
* * * LOW HITPOINT WARNING * * *
You are more poisoned.
Something poisons you! The redback bites you.
* * * LOW HITPOINT WARNING * * *
The emperor scorpion is engulfed in freezing vapours.
The emperor scorpion completely misses you.
The emperor scorpion claws you but does no damage.
The emperor scorpion claws you.
* * * LOW HITPOINT WARNING * * *
The jumping spider closely misses you. x2
Something hits you but does no damage. x2
Something stings you but does no damage.
The redback bites you but does no damage.
You take 6 damage, and have 9/168 hp.
You now have 0/26 mp.
You feel yourself speed up.
You die...

##.....# ###....##
.......#######.#.....####
........##.##..#........####
...##.......#..#........##.##
^#..#......##.^.............#
#####.......#...............#
#.......##..§..§.###...#.#
#####..###.§.s†.†#.#######
#....####%@s.....#
##...†##.##s§§...##
#........#..§§.#####
##...............^.#
##.#......#.......##
#........##.......#####
###.......#...:....##..###
#.......###.....####.<...##
#..)...###.....##.#.......##


You could see an emperor scorpion, a jumping spider and a redback.

Vanquished Creatures
  Jorgrun (Swamp:2)
  Asterion (Spider:1)
  Frances (Swamp:1)
  Gastronok (Lair:4)
  Agnes (Spider:1)
  Donald (Spider:1)
  Kirke (Lair:2)
  Roxanne (D:14)
  An azure jelly (Swamp:4)
  Aizul (Swamp:1)
  A ghost moth (Spider:2)
  A very ugly thing (D:14)
  2 entropy weavers (Spider:1)
  A dire elephant (Lair:6)
  Azrael (Orc:1)
  Erolcha (D:9)
  4 ice dragons
  5 vault guards (D:14)
  Harold (Lair:2)
  2 catoblepae
  10 hydras
  Erica (Lair:2)
  14 alligators
  22 two-headed ogres
  The ghost of Gruud the Geomancer, a novice DsEE of Uskayaw (D:9)
  4 ogre magi
  A deep troll shaman (Lair:6)
  11 death yaks
  2 unseen horrors (D:14)
  A lindwurm (Lair:6)
  5 shambling mangroves
  2 orc knights
  2 spriggan druids (Swamp:3)
  A wizard (D:14)
  5 swamp dragons
  2 orb spiders
  16 ugly things
  14 wolf spiders
  2 cyclopes
  An orc sorcerer (Orc:1)
  5 manticores
  A moth of wrath (Spider:2)
  Maurice (Orc:2)
  2 black mambas
  A torpor snail (Spider:2)
  4 elephants (Lair:6)
  3 gargoyles
  17 spiny frogs
  2 rime drakes (Lair:3)
  9 komodo dragons
  A kobold demonologist (D:14)
  5 freezing wraiths
  2 ice devils (Orc:1)
  9 demonic crawlers
  4 trolls
  8 tyrant leeches
  7 polar bears (Lair:6)
  6 bog bodies
  24 jumping spiders
  19 hornets
  11 hippogriffs
  37 slime creatures
  5 dream sheep
  17 blink frogs
  A centaur simulacrum (D:14)
  11 spriggans
  A shadow (Swamp:2)
  Sigmund (D:5)
  2 vampires
  34 redbacks
  A human (D:14)
  A wyvern (Lair:3)
  12 tarantellas
  A wraith (D:13)
  3 hogs (Swamp:1)
  3 fire elementals (Orc:2)
  25 vampire mosquitoes
  59 yaks
  4 swamp worm simulacra (Swamp:4)
  A steam dragon (Lair:2)
  9 insubstantial wisps
  A warg (Orc:1)
  9 water moccasins
  3 hell hounds (Orc:2)
  A soldier ant (D:13)
  24 swamp worms
  15 hydra simulacra (Swamp:4)
  7 porcupines
  17 orc warriors
  A black bear (D:12)
  10 ice beasts
  A hornet zombie (D:12)
  5 sky beasts
  4 phantoms
  7 swamp drakes
  3 eyes of draining
  A boggart (D:14)
  A necrophage (D:13)
  The ghost of esteth the Ruffian, an amateur DrTm (D:3)
  12 centaurs
  29 ogres
  11 crocodiles
  30 wolves
  12 bullfrogs
  A wyvern skeleton (D:14)
  6 scorpions
  12 killer bees
  9 wights
  2 electric eels (Lair:4)
  11 crimson imps
  2 bullfrog zombies
  5 centaur zombies
  3 quasits
  3 bullfrog skeletons
  5 hounds
  14 orc priests
  3 jellies
  18 orc wizards
  12 worker ants
  7 iguanas
  2 killer bee zombies
  A hound zombie (D:5)
  A worker ant zombie (D:10)
  8 adders
  2 shadow imps
  7 white imps
  4 swamp drake simulacra (Swamp:4)
  2 worms
  2 dart slugs
  3 leopard geckos
  49 orcs
  2 ball pythons (D:2)
  8 bats
  5 giant cockroaches
  13 goblins
  7 hobgoblins
  10 jackals
  6 quokkas
  8 frilled lizards
  4 kobolds
  2 leopard gecko skeletons
  A leopard gecko zombie (D:5)
  7 rats
  8 fungi
  3 plants
998 creatures vanquished.

Vanquished Creatures (collateral kills)
  A jumping spider (Spider:2)
  A redback (Spider:2)
2 creatures vanquished.

Vanquished Creatures (others)
  An ogre mage (Orc:2)
  A wizard (D:4)
  A spiny frog (Swamp:4)
  A centaur (D:10)
  An orc (D:8)
  7 fungi
  16 plants
28 creatures vanquished.

Grand Total: 1028 creatures vanquished

Notes
Turn   | Place    | Note
-------+----------+-------------------------------------------
     0 | D:1      | krabocopter the Hill Orc Fighter began the quest for the Orb.
     0 | D:1      | Reached XP level 1. HP: 19/19 MP: 1/1
    81 | D:1      | Reached XP level 2. HP: 27/27 MP: 2/2
   772 | D:2      | Reached XP level 3. HP: 23/33 MP: 3/3
  1231 | D:2      | Reached XP level 4. HP: 40/40 MP: 4/4
  1412 | D:2      | Reached skill level 5 in Axes
  1745 | D:3      | Noticed esteth's ghost (amateur DrTm)
  1763 | D:3      | Killed esteth's ghost
  1763 | D:3      | Reached XP level 5. HP: 16/47 MP: 5/5
  2145 | D:3      | Found a bloodstained altar of Trog.
  2244 | D:3      | Reached skill level 5 in Fighting
  2389 | D:4      | Found a bloodstained altar of Trog.
  2392 | D:4      | Noticed a wizard
  2398 | D:4      | Killed a wizard
  2804 | D:4      | Reached XP level 6. HP: 51/56 MP: 6/6
  3309 | D:5      | Entered Level 5 of the Dungeon
  3452 | D:5      | Reached XP level 7. HP: 56/62 MP: 7/7
  3477 | D:5      | Noticed Sigmund
  3490 | D:5      | Killed Sigmund
  3636 | D:5      | Found a glowing silver altar of Zin.
  3681 | D:5      | Noticed a two-headed ogre
  3689 | D:5      | Killed a two-headed ogre
  3689 | D:5      | Reached XP level 8. HP: 52/74 MP: 8/8
  3946 | D:5      | Found a staircase to the Ecumenical Temple.
  3969 | Temple   | Entered the Ecumenical Temple
  4005 | Temple   | Became a worshipper of Qazlal Stormbringer
  4079 | D:5      | You fall through a shaft for 2 floors!
  4649 | D:6      | Reached XP level 9. HP: 75/82 MP: 9/9
  4904 | D:7      | Found Sair's Armour Boutique.
  4908 | D:7      | Bought a +2 shield of fire resistance for 301 gold pieces
  5120 | D:8      | Reached * piety under Qazlal
  5480 | D:8      | Reached skill level 5 in Armour
  5480 | D:8      | Reached skill level 5 in Shields
  5543 | D:8      | Found a flagged portal.
  5549 | Bailey   | Entered a bailey
  5554 | Bailey   | Noticed nubinia's ghost (novice HOMo)
  6177 | D:7      | Reached skill level 10 in Fighting
  6177 | D:7      | Reached XP level 10. HP: 76/93 MP: 10/10
  6360 | D:9      | Noticed Erolcha
  6433 | D:9      | Noticed a two-headed ogre
  6442 | D:9      | Killed a two-headed ogre
  6735 | D:9      | Found a staircase to the Lair.
  6893 | D:9      | Reached ** piety under Qazlal
  6936 | D:9      | Killed Erolcha
  7244 | D:9      | Noticed Gruud's ghost (novice DsEE)
  7253 | D:9      | Killed Gruud's ghost
  7253 | D:9      | Reached skill level 1 in Dodging
  7509 | D:10     | Entered Level 10 of the Dungeon
  7599 | D:10     | Reached XP level 11. HP: 99/99 MP: 11/11
  7607 | D:10     | Noticed a two-headed ogre
  7787 | D:10     | Killed a two-headed ogre
  7884 | D:10     | Reached skill level 10 in Armour
  8149 | D:10     | Found a staircase to the Orcish Mines.
  8158 | D:10     | Found a roughly hewn altar of Beogh.
  8166 | D:10     | Reached *** piety under Qazlal
  8381 | D:11     | Noticed a brown ugly thing
  8392 | D:11     | Killed a brown ugly thing
  8608 | D:11     | Reached skill level 5 in Dodging
  8697 | D:11     | Noticed a five-headed hydra
  8759 | D:11     | Found Ahat's Food Boutique.
  8920 | D:11     | Found a stormy altar of Qazlal.
  9267 | D:10     | Noticed a two-headed ogre
  9273 | D:10     | Killed a two-headed ogre
  9303 | Lair:1   | Entered Level 1 of the Lair of Beasts
  9447 | Lair:1   | Noticed an oklob plant
  9448 | Lair:1   | Noticed an oklob plant
  9586 | Lair:1   | Gained mutation: You are partially covered in slimy green scales. (AC +2) [potion of mutation]
  9586 | Lair:1   | Gained mutation: Your body sometimes deteriorates upon taking damage. [potion of mutation]
  9586 | Lair:1   | Gained mutation: You are partially covered in large bone plates. (SH +4) [potion of mutation]
  9586 | Lair:1   | Gained mutation: Your mind is acute. (Int +2) [potion of mutation]
  9650 | Lair:1   | Noticed an eight-headed hydra
  9694 | D:10     | Noticed a manticore
  9703 | D:10     | Killed a manticore
  9703 | D:10     | Reached XP level 12. HP: 81/108 MP: 12/12
  9760 | Orc:1    | Entered Level 1 of the Orcish Mines
  9760 | Orc:1    | Found a roughly hewn altar of Beogh.
  9782 | D:11     | Noticed a two-headed ogre
 10004 | D:11     | Killed a two-headed ogre
 10445 | D:12     | Reached **** piety under Qazlal
 11483 | Lair:1   | Killed an 11-headed hydra
 12208 | Lair:2   | Noticed Erica
 12221 | Lair:2   | Killed Erica
 12243 | Lair:2   | Reached skill level 1 in Long Blades
 12244 | Lair:2   | Reached XP level 13. HP: 93/116 MP: 13/13
 12324 | Lair:2   | Noticed Harold
 12341 | Lair:2   | Killed Harold
 12891 | Lair:2   | Found a staircase to the Swamp.
 13141 | Lair:3   | Reached ***** piety under Qazlal
 13150 | Lair:3   | Reached skill level 5 in Long Blades
 13254 | Lair:3   | Reached skill level 10 in Shields
 14646 | Lair:4   | Found a hole to the Spider Nest.
 14664 | Lair:4   | Noticed Gastronok
 14684 | Lair:4   | Upgraded the game from 0.20-a0-738-gb057e68 to 0.20-a0-739-g6bb112f
 15427 | Lair:6   | Entered Level 6 of the Lair of Beasts
 15438 | Lair:5   | Reached XP level 14. HP: 120/124 MP: 14/14
 15458 | Lair:5   | Reached skill level 10 in Dodging
 15825 | Lair:6   | Found a viscous altar of Jiyva.
 15826 | Lair:6   | Found a staircase to the Slime Pits.
 17202 | Lair:6   | Noticed a dire elephant
 17257 | Lair:6   | Killed a dire elephant
 17307 | Lair:6   | Identified the Almanac of Arcane Weapons
 17823 | Lair:4   | Killed Gastronok
 18196 | Lair:4   | Reached ****** piety under Qazlal
 18509 | Orc:1    | Reached XP level 15. HP: 134/134 MP: 15/15
 18813 | Orc:2    | Entered Level 2 of the Orcish Mines
 18829 | Orc:2    | Found Ceshenoa's Book Boutique.
 18865 | Orc:2    | Noticed Maurice
 18882 | Orc:2    | Killed Maurice
 18964 | Orc:2    | Found Wuqoyrgh's Gadget Emporium.
 19137 | Orc:2    | Noticed Azrael
 19161 | Orc:1    | Killed Azrael
 19315 | Orc:2    | Found Neusas's Weapon Shoppe.
 19316 | Orc:2    | Found a staircase to the Elven Halls.
 19432 | Orc:2    | Found Sunedgh's Book Emporium.
 19516 | Orc:2    | Found Unuary's Food Shoppe.
 19516 | Orc:2    | Found Deruc's Assorted Antiques.
 19517 | Orc:2    | Found Porebani's Food Boutique.
 19517 | Orc:2    | Found Apuottiz's Distillery.
 19602 | Orc:2    | Found Hamonn's Distillery.
 20223 | D:13     | Found Gilugg's Antique Weapon Boutique.
 20238 | D:13     | Bought a glowing war axe for 240 gold pieces
 20517 | D:13     | Reached skill level 15 in Axes
 20656 | D:14     | Found Qeuv's Food Emporium.
 20695 | D:14     | Found a shimmering altar of Xom.
 20929 | D:14     | Reached XP level 16. HP: 146/147 MP: 16/16
 21235 | D:14     | Found a portal to a secret trove of treasure.
 21567 | D:14     | Noticed Roxanne
 21586 | D:14     | Killed Roxanne
 21587 | D:14     | Identified Roxanne's Incunabulum of Clay (You took it off Roxanne on level 14 of the Dungeon)
 21592 | D:14     | Learned a level 1 spell: Magic Dart
 21594 | D:14     | Learned a level 1 spell: Apportation
 21756 | D:14     | Reached skill level 15 in Fighting
 21796 | D:14     | Found a gate to the Vaults.
 22063 | Swamp:1  | Entered Level 1 of the Swamp
 22072 | Swamp:1  | Reached skill level 1 in Invocations
 22124 | Swamp:1  | Reached skill level 15 in Shields
 22269 | Swamp:1  | Noticed Aizul
 22296 | Swamp:1  | Killed Aizul
 22349 | Swamp:1  | Reached skill level 5 in Invocations
 22426 | Swamp:1  | Noticed Kirke
 22620 | Lair:2   | Killed Kirke
 23085 | Swamp:1  | Got a distressingly furry cloak
 23107 | Swamp:1  | Identified the +2 cloak of the Solstice {rN+ MR- MP+9} (You found it on level 1 of the Swamp)
 23505 | Swamp:2  | Noticed Frances
 23525 | Swamp:1  | Killed Frances
 23765 | Swamp:2  | Noticed Jorgrun
 23781 | Swamp:2  | Killed Jorgrun
 23939 | Swamp:2  | Reached XP level 17. HP: 122/156 MP: 23/23
 24664 | Swamp:3  | Reached skill level 10 in Invocations
 25486 | Swamp:4  | Entered Level 4 of the Swamp
 26459 | Swamp:4  | Got a decaying rune of Zot
 26746 | Spider:1 | Entered Level 1 of the Spider Nest
 26787 | Spider:1 | Noticed Agnes
 26794 | Spider:1 | Killed Agnes
 27122 | Spider:1 | Got a faintly glowing ring mail
 27133 | Spider:1 | Identified the +2 ring mail "Nutruxt" {*Slow rN+ Str+4 Dex+7} (You found it on level 1 of the Spider Nest)
 27136 | Spider:1 | Noticed Donald
 27143 | Spider:1 | Killed Donald
 27672 | Spider:2 | Reached XP level 18. HP: 166/166 MP: 20/26
 27709 | Spider:2 | Noticed Asterion
 27889 | Spider:1 | Killed Asterion
 28914 | Spider:2 | Succumbed to a ghost moth's poison

Vault maps used:
D:1:      onia_arrival_mini_spirals, serial_forest, infiniplex_forest_end_3,
          infiniplex_forest_clump_C, infiniplex_forest_straight_2,
          infiniplex_forest_diagonal, infiniplex_forest_end_3,
          infiniplex_forest_lined_corner, infiniplex_forest_lined_4_way,
          infiniplex_forest_straight_2, infiniplex_forest_clump_double
D:2:      serial_bayou, serial_bayou_lake_a, serial_bayou_lagoon_b,
          serial_bayou_pond_a, serial_bayou_pond_e, grunt_ministairs_15
D:3:      hangedman_feature_mirror, minmay_gold_behind_fungi, trog_hazing_becter
D:4:      trog_wizard
D:5:      old_standard_altar, minmay_temple_entry_glassed_door, first_bread,
          st_stairs_10, uniq_sigmund, uniq_blork_the_orc
D:7:      serial_shops, shop, the_bakery
D:8:      enter_bailey_3, kennysheep_generic_room_7
D:9:      david_lair_shrubbed, uniq_erolcha
D:10:     minmay_orc_entry_temple_small, grunt_ministairs_4
D:11:     serial_shops, nicolae_shop_stone, grunt_qazlal_clouds
D:13:     serial_shops, kennysheep_little_box
D:14:     minmay_open_boxes_in_corner, grunt_vaults_entry_fortified,
          serial_shops, shop, nicolae_benzene_ring,
          nicolae_trove_entry_free_sample, basic_altar, hex_intersection,
          minmay_nine_imps, uniq_roxanne
Temple:   nicolae_temple_the_god_donut
Lair:1:   disabler_island
Lair:2:   minmay_swamp_entry_swarm, lemuel_fruit_tree, uniq_erica, uniq_harold
Lair:3:   minivault_26, minmay_holes, uniq_gastronok
Lair:4:   spider_nest_entry_rubble, serial_bayou_shore_a
Lair:6:   grunt_lair_end_beastmaster, slime_altar_1, ice2_lemuel
Swamp:1:  infiniplex_staircase_pool, swamp_pool2, uniq_kirke, uniq_aizul
Swamp:2:  nicolae_swamp_round_clearing, uniq_jorgrun, uniq_frances
Swamp:3:  nicolae_swamp_very_dense_foliage
Swamp:4:  swamp_icy
Spider:1: uniq_donald, uniq_agnes
Spider:2: nicolae_spider_webs_and_nodes, uniq_asterion
Orc:1:    serial_shops, nicolae_shop_overgrown_old_shop,
          portal_ice_cave_demonic_guard, basic_altar
Orc:2:    st_orc_ogre_mass, serial_shops, shop, shop, shop,
          nicolae_shop_window_shopping, shop, uniq_azrael, uniq_maurice
Bailey:   bailey_axe_minmay_hex_keep, bailey

Skill      XL: |  1  2  3  4  5  6  7  8  9 10 11 12 13 14 15 16 17 18 |
---------------+-------------------------------------------------------+-----
Axes           | 3 4 6 8 11 12 13 14 15 16 | 16.1
Fighting       | 4 5 7 8 10 11 12 14 15 16 | 16.7
Shields        | 5 8 11 13 14 15 | 15.8
Armour         | 5 9 10 11 12 13 | 13.5
Dodging        | 2 6 9 11 | 11.7
Long Blades    | 1 6 8 9 |  9.6
Invocations    | 8 11 | 11.7

Action                   |  1- 3 |  4- 6 |  7- 9 | 10-12 | 13-15 | 16-18 || total
-------------------------+-------+-------+-------+-------+-------+-------++-------
Melee: War axe           |    95 |   156 |   224 |   264 |  1214 |  1153 ||  3106
       Battleaxe         |       |       |       |   222 |       |       ||   222
       Scimitar          |       |       |       |       |    16 |    65 ||    81
       Unarmed           |       |       |       |       |       |     4 ||     4
Invok: Upheaval          |       |       |       |     2 |     1 |       ||     3
       Disaster Area     |       |       |       |       |       |     1 ||     1
       Elemental Force   |       |       |       |       |       |     1 ||     1
Evoke: Wand              |       |       |     1 |     6 |     1 |     2 ||    10
  Use: Scroll            |       |     8 |     1 |    13 |    10 |     8 ||    40
       Potion            |       |       |     1 |     3 |       |     5 ||     9
 Stab: Confused          |       |       |       |       |       |     5 ||     5
       Distracted        |       |       |       |       |       |     1 ||     1
  Eat: Chunk             |     1 |     7 |     8 |    16 |    28 |    26 ||    86
       Fruit             |       |       |       |     4 |     1 |     2 ||     7
       Royal jelly       |       |       |       |     1 |       |       ||     1
Armor: Scale mail        |    30 |    59 |    40 |       |       |       ||   129
       Ring mail         |       |       |     6 |   128 |    54 |    59 ||   247
       Ice dragon scales |       |       |       |       |    48 |   164 ||   212
Dodge: Dodged            |    38 |    39 |    28 |   182 |   259 |   376 ||   922
       Deflected         |       |       |       |     1 |     9 |     6 ||    16
Block: Shield            |    61 |   111 |   163 |   274 |  1282 |  1461 ||  3352
       Reflection        |       |    16 |     1 |    13 |    16 |    33 ||    79
       Other             |       |       |       |    91 |       |       ||    91
       Rpst.: Scimitar   |       |       |       |       |     1 |     7 ||     8
